 Dungeon Crawl Stone Soup version 0.25-a0-632-g7713895373 (webtiles) character file.

Game seed: 8681743845808285836, levelgen mode: deterministic

38 Chromatus the Slasher (level 3, -3/22 HPs)
             Began as a Tengu Gladiator on Mar 19, 2020.
             Slain by a gnoll
             ... wielding a +0 spear
              (4 damage)
             ... on level 2 of the Dungeon.
             The game lasted 00:03:02 (836 turns).

Chromatus the Slasher (Tengu Gladiator)              Turns: 836, Time: 00:03:02

Health: -3/22      AC:  4    Str: 14    XL:     3   Next: 43%
Magic:  4/4        EV: 13    Int:  9    God:
Gold:   23         SH:  0    Dex: 15    Spells: 2/2 levels left

rFire    . . .     SeeInvis .   a - +0 long sword
rCold    . . .     Gourm    .   (no shield)
rNeg     . . .     Faith    .   b - +0 leather armour
rPois    .         Spirit   .   c - +0 hat
rElec    .         Reflect  .   h - +0 cloak
rCorr    .         Harm     .   (no gloves)
MR       .....                  (boots unavailable)
Stlth    ++........             (no amulet)
HPRegen  0.07/turn              (no ring)
MPRegen  0.09/turn              (no ring)

@: no status effects
A: beak, talons 3
a: no special abilities


You were on level 2 of the Dungeon.
You were not hungry.

You visited 1 branch of the dungeon, and saw 2 of its levels.

You collected 23 gold pieces.

Inventory:

Hand Weapons
 a - a +0 long sword (weapon)
Missiles
 d - 3 throwing nets (quivered) {!f}
Armour
 b - a +0 leather armour (worn)
 c - a +0 hat (worn)
 h - a +0 cloak (worn)
   (You found it on level 1 of the Dungeon)
Scrolls
 f - a scroll of amnesia {unknown}
 i - a scroll of noise {unknown}
 k - a scroll of random uselessness {unknown}
Potions
 g - a potion of mutation {unknown}
 l - 2 potions of curing {unknown}
 m - a potion of ambrosia {unknown}
Comestibles
 e - 2 rations {!d}


   Skills:
 + Level 2.4 Fighting
 * Level 4.0 Long Blades
 - Level 2.0 Throwing
 + Level 3.6 Dodging
 + Level 1.0 Stealth


You had 2 spell levels left.
You didn't know any spells.
Your spell library was empty.

Dungeon Overview and Level Annotations

Branches:
Dungeon (2/15)

Altars:


Innate Abilities, Weirdness & Mutations

You have a beak for a mouth.
You have claws for feet.


Message History

You kill the hobgoblin!
You open the door.
There is an open door here.
There is an open door here.
Things that are here:
a bat skeleton x2
There is a stone staircase leading down here.
You open the door.
There is an open door here.
You see here 10 stones.
Done exploring.
Done exploring.
Done exploring.
You see here 10 stones.
Some of the chunks of flesh in your inventory have rotted away.
There is an open door here.
There is a stone staircase leading down here.
You climb downwards.
There is a stone staircase leading up here.
A rat comes into view.
The rat bites you but does no damage.
You closely miss the rat. Your kick misses the rat. Your peck misses the rat.
The rat misses you.
You riposte.
You hit the rat. Your kick misses the rat. You hit the rat but do no damage.
You claw the rat.
You kill the rat!
A gnoll comes into view. It is wielding a +0 spear.
All of the chunks of flesh in your inventory have rotted away.
Found a glowing dagger. 2 gnolls come into view.
The helpless gnoll fails to defend itself.
You slash the gnoll! You claw the gnoll.
You kill the gnoll!
Your Long Blades skill increases to level 4!
Your Stealth skill increases to level 1!
The gnoll shouts! x2
The gnoll hits you.
You see here a +0 spear.
The gnoll closely misses you. The gnoll barely misses you.
You hit the gnoll. You claw the gnoll. The gnoll hits you but does no damage.
The gnoll hits you.
* * * LOW HITPOINT WARNING * * *
You barely miss the gnoll. You claw the gnoll. Your peck misses the gnoll.
The gnoll closely misses you. The gnoll hits you.
* * * LOW HITPOINT WARNING * * *
The gnoll misses you.
You hit the gnoll but do no damage. Your peck misses the gnoll.
The gnoll hits you.
* * * LOW HITPOINT WARNING * * *
The gnoll hits you from afar with a +0 spear.
You die...

..... ###..###.###
......#..........#
#...######.###
##..#...##.#
#..#)#.##.#
##.#.#.##.#
#.#.#.##.#
#........#
##@####### #g# #g#
#.# #.# ..# #.#
#.#


You could see 2 gnolls.

Vanquished Creatures
  A gnoll (D:2)
  2 leopard geckos (D:1)
  A goblin (D:1)
  3 hobgoblins (D:1)
  3 jackals (D:1)
  3 kobolds (D:1)
  3 bats (D:1)
  A frilled lizard (D:1)
  10 rats
27 creatures vanquished.

Notes
Turn   | Place    | Note
-------+----------+-------------------------------------------
     0 | D:1      | Chromatus the Tengu Gladiator began the quest for the Orb.
     0 | D:1      | Reached XP level 1. HP: 12/12 MP: 2/2
   129 | D:1      | Reached XP level 2. HP: 17/17 MP: 3/3
   606 | D:1      | Reached XP level 3. HP: 22/22 MP: 4/4
   831 | D:2      | Reached skill level 4 in Long Blades
   831 | D:2      | Reached skill level 1 in Stealth
   836 | D:2      | HP: 1/22 [gnoll (5)]
   836 | D:2      | Slain by a gnoll

Levels and vault maps discovered:
D:1:      dpeg_arrival_rhombus, layout_loops_corners
D:2:      kb_forest_paths, layout_basic, lemuel_doored_altar, first_ration,
          uniq_terence

Skill      XL: |  1  2  3 |
---------------+----------+-----
Long Blades    | 4 |  4.0
Stealth        | 1 |  1.0
Fighting       | |  2.4
Throwing       | |  2.0
Dodging        | |  3.6

Action                   || total
-------------------------++-------
Melee: Long sword        ||    51
       Peck              ||    10
       Kick              ||    14
 Stab: Sleeping          ||     4
Armor: Leather armour    ||    13
Dodge: Dodged            ||    42
       Rpst.: Long sword ||    12

Table legend:
 A = Non-vault XP
 B = Vault XP
 C = Vault XP percentage of total XP
 D = Non-vault monster count
 E = Vault monster count
 F = Vault count percentage of total count
                 A         B        C        D         E       F
            +---------+---------+-------+---------+---------+-------
      Total |      55 |       0 |   0.0 |      27 |       0 |   0.0
            +---------+---------+-------+---------+---------+-------
        D:1 |      40 |       0 |   0.0 |      25 |       0 |   0.0
        D:2 |      15 |       0 |   0.0 |       2 |       0 |   0.0
            +---------+---------+-------+---------+---------+-------
